 Dungeon Crawl Stone Soup version 0.28-a0-973-ga7f8b01127 (webtiles) character file.

Game seed: 14570969245235491470

2004 bearlyready the Destroyer (level 9, -8/51 HPs)
             Began as a Deep Elf Conjurer on Dec 1, 2021.
             Mangled by Prince Ribbit (18 damage)
             ... on level 7 of the Dungeon.
             The game lasted 00:16:04 (9868 turns).

bearlyready the Destroyer (Deep Elf Conjurer)       Turns: 9868, Time: 00:16:05

Health: -8/51      AC:  3    Str: 10    XL:     9   Next: 2%
Magic:  18/20      EV: 12    Int: 28    God:
Gold:   330        SH:  0    Dex: 13    Spells: 14/21 levels left

rFire   . . .      SeeInvis .   f - +2 short sword (vamp)
rCold   . . .      Faith    .   (no shield)
rNeg    . . .      Spirit   .   a - +0 robe
rPois   +          Reflect  .   (no helmet)
rElec   .          Harm     .   u - +0 cloak
rCorr   .          Rampage  .   (no gloves)
Will    .....                   (no boots)
Stlth   ++........              (no amulet)
HPRegen 0.17/turn               C - +6 ring of strength
MPRegen 0.17/turn               A - ring of poison resistance

@: no status effects
A: no striking features
a: no special abilities


You were on level 7 of the Dungeon.
You visited 1 branch of the dungeon, and saw 7 of its levels.

You collected 330 gold pieces.

Inventory:

Hand Weapons
 f - a +2 vampiric short sword (weapon)
 q - a +2 hunting sling of flaming
Missiles
 b - 181 stones
 v - 23 poisoned darts
 G - a curare-tipped dart
Armour
 a - a +0 robe (worn)
 u - a +0 cloak (worn)
Magical Staves
 j - a staff of cold
 m - a staff of fire
 x - a staff of conjuration
Jewellery
 A - a ring of poison resistance (right hand)
 C - a +6 ring of strength (left hand)
 H - a ring of fire
Wands
 o - a wand of iceblast (11)
 r - a wand of polymorph (8)
Scrolls
 d - a scroll of enchant weapon {unknown}
 e - 5 scrolls of identify
 g - 2 scrolls of vulnerability
 i - a scroll of blinking {unknown}
 k - 3 scrolls of amnesia {unknown}
 l - a scroll of fog {unknown}
 n - a scroll of noise
 s - a scroll of teleportation {unknown}
 y - a scroll of holy word {unknown}
 z - a scroll of fear {unknown}
 E - a scroll of magic mapping
Potions
 c - 4 potions of might {unknown}
 h - a potion of curing {unknown}
 p - a potion of attraction {unknown}
 t - a potion of flight {unknown}
 w - 3 potions of heal wounds {unknown}
 B - 2 potions of ambrosia {unknown}
 D - a potion of degeneration {unknown}
 F - 2 potions of lignification {unknown}
 I - a potion of mutation {unknown}


   Skills:
 + Level 3.5 Fighting
 - Level 2.0 Short Blades
 - Level 2.4 Dodging
 - Level 2.4 Stealth
 + Level 6.5 Spellcasting
 - Level 10.0 Conjurations
 + Level 6.6 Hexes


You had 14 spell levels left.
You knew the following spells:

 Your Spells              Type           Power      Damage    Failure   Level
a - Magic Dart            Conj           100%       1d8       1%          1
b - Searing Ray           Conj           100%       2d8       1%          2
c - Fulminant Prism       Conj/Hex       27%        3d14      1%          4

Your spell library contained the following spells:

 Spells                   Type           Power      Damage    Failure   Level
 Dazzling Flash           Conj/Hex       100%       N/A       1%          3
 Ensorcelled Hibernation  Hex/Ice        54%        N/A       2%          2
 Iskenderun's Mystic Bla  Conj/Tloc      37%        2d9       8%          4
 Sublimation of Blood     Necr           9%         N/A       9%          2
 Wereblood                Tmut           9%         N/A       9%          2
 Gell's Gravitas          Tloc           9%         N/A       17%         3
 Lesser Beckoning         Tloc           9%         N/A       17%         3
 Spider Form              Tmut/Pois      9%         N/A       17%         3
 Teleport Other           Tloc           9%         N/A       17%         3
 Summon Hydra             Summ           4%         N/A       100%        7


Dungeon Overview and Level Annotations

Branches:
Dungeon (7/15)             Temple (0/1) D:7

Altars:
Fedhas
Kikubaaqudgha
Okawaru
Qazlal
Zin

Annotations:
D:5 1 runed translucent door, Crazy Yiuf
D:7 Prince Ribbit


Message History

Casting: Searing Ray (safe; 1% risk of failure)
Confirm with . or Enter, or press ? or * to list all spells.
Aiming: Searing Ray (safe; 1% risk of failure)
Press: ? - help, Shift-Dir - straight line, f - white imp
Aim: a white imp (83% to hit)
The searing ray hits the white imp.
The white imp is heavily wounded. (Press . to maintain the ray.)
The white imp barely misses you.
The searing ray hits the white imp.
The white imp is severely wounded.
The white imp barely misses you.
The searing ray hits the white imp!
You kill the white imp!
Okay, then.
There is a stone staircase leading down here.
You climb downwards.
The ice beast barely misses you. The ice beast hits you.
The ice beast freezes you!
The howler monkey skeleton hits you but does no damage.
The ice beast hits you. The ice beast freezes you!
* * * LOW HITPOINT WARNING * * *
The ice beast misses you.
There is a stone staircase leading up here.
Prince Ribbit comes into view.
Found a robe.
The howler monkey skeleton hits you.
* * * LOW HITPOINT WARNING * * *
As you read the scroll labelled QUUPHI XAMNOLA, it crumbles to dust.
You hear a loud clanging noise!
It was a scroll of noise.
You hear a shout! x7
The howler monkey skeleton hits you but does no damage.
Okay, then.
As you read the scroll labelled MAISSA BIOMEE, it crumbles to dust.
You feel aware of your surroundings.
It was a scroll of magic mapping.
The howler monkey skeleton hits you.
* * * LOW HITPOINT WARNING * * *
The ice beast completely misses you. The ice beast closely misses you.
Prince Ribbit hops awkwardly around.
Prince Ribbit hits you!!
You die...

,,,*,,,,,...,#..,,,,,,..,,**,,,,,
,,,,,,,,*...##..,,***...,,***,,,,
**,,,,,,,.......*,*##...,,,,*,,,,
**,,,,,,.......###.....,*,,**,,,
*,,,,*,,...............,**,,,,,,
*,,,**,,.............#***,,,,,,,
**,**,,,.......<.....##**,,,,,,,
***,,,,.......ZY......,,,,,,,,,
**,,*#.....Y@......#,,,,,,,**
****.......F......#**,,,,,,*
*,..............#*,,,,,,,*
**..............#**,,,,,,,
**.......<....#..,*,,,,,,,
*,............#..,,,,,,,,,
*,.....[...#...,,,,,*,,,,,
**,....##..##....*,,****,,*
*,,,,,,,,,,,*,,,***,,****,,


You could see Prince Ribbit, 2 ice beasts and a howler monkey skeleton.

Vanquished Creatures
  Duvessa (D:5)
  A sky beast (D:5)
  An ice beast (D:5)
  2 ogres (D:5)
  A centaur (D:5)
  A kobold brigand (D:6)
  A bullfrog (D:6)
  2 scorpions (D:5)
  Dowan (D:5)
  A water moccasin skeleton (D:5)
  A wight (D:5)
  2 howler monkeys (D:5)
  2 bullfrog zombies (D:5)
  2 hounds
  A jelly (D:6)
  An orc priest (D:5)
  A gnoll shaman (D:5)
  3 iguanas
  Jessica (D:3)
  2 bullfrog skeletons
  Natasha (thrice) (D:3)
  5 orc wizards
  A hound zombie (D:5)
  21 gnolls
  2 adders
  2 white imps
  An ufetubus (D:5)
  An adder zombie (D:5)
  An adder skeleton (D:4)
  3 worms
  4 dart slugs
  27 orcs
  12 ball pythons
  4 bats
  6 endoplasms
  4 giant cockroaches
  6 goblins
  7 hobgoblins
  22 jackals
  10 kobolds
  A quokka (D:2)
  3 rats
174 creatures vanquished.

Vanquished Creatures (others)
  27 fulminant prisms
  A fungus (D:5)
  4 plants
32 creatures vanquished.

Grand Total: 206 creatures vanquished

Notes
Turn   | Place    | Note
-------+----------+-------------------------------------------
     0 | D:1      | bearlyready the Deep Elf Conjurer began the quest for the
                  | Orb.
     0 | D:1      | Reached XP level 1. HP: 10/10 MP: 6/6
   272 | D:1      | Reached XP level 2. HP: 15/15 MP: 5/8
   316 | D:1      | Learned a level 2 spell: Searing Ray
   336 | D:1      | Reached skill level 5 in Conjurations
   578 | D:1      | Reached skill level 1 in Short Blades
   619 | D:1      | Reached XP level 3. HP: 13/19 MP: 4/9
  2182 | D:2      | Reached XP level 4. HP: 14/24 MP: 6/10
  2366 | D:3      | Noticed Natasha
  2374 | D:3      | Killed Natasha
  2375 | D:3      | Reached skill level 6 in Conjurations
  2387 | D:3      | Learned a level 4 spell: Fulminant Prism
  2679 | D:3      | Noticed Natasha
  2682 | D:3      | Killed Natasha
  2683 | D:3      | Reached XP level 5. HP: 10/28 MP: 7/11
  3079 | D:3      | Noticed Natasha
  3085 | D:3      | Killed Natasha
  3395 | D:3      | Found a glowing silver altar of Zin.
  3395 | D:3      | Found an iron altar of Okawaru.
  3396 | D:3      | Noticed Jessica
  3399 | D:3      | Killed Jessica
  3400 | D:3      | Reached skill level 7 in Conjurations
  3700 | D:4      | Reached skill level 1 in Hexes
  3714 | D:4      | Reached XP level 6. HP: 19/32 MP: 1/12
  4098 | D:4      | Found a blossoming altar of Fedhas.
  4101 | D:4      | Found an ancient bone altar of Kikubaaqudgha.
  4537 | D:5      | Entered Level 5 of the Dungeon
  4538 | D:5      | Found a stormy altar of Qazlal.
  4693 | D:5      | Noticed a sky beast
  4699 | D:5      | Killed a sky beast
  4803 | D:5      | Noticed an ice beast
  4909 | D:5      | Reached skill level 8 in Conjurations
  5105 | D:5      | Found a runed translucent door.
  5106 | D:5      | Noticed Crazy Yiuf
  5191 | D:5      | Noticed Duvessa
  5202 | D:5      | Reached XP level 7. HP: 29/36 MP: 8/13
  5504 | D:5      | Reached skill level 5 in Hexes
  5655 | D:5      | Reached skill level 9 in Conjurations
  6590 | D:5      | Reached skill level 1 in Fighting
  6590 | D:5      | Reached XP level 8. HP: 43/43 MP: 9/15
  6618 | D:5      | Killed Duvessa
  6622 | D:5      | Killed Dowan
  7204 | D:5      | Reached skill level 10 in Conjurations
  7280 | D:5      | Reached skill level 5 in Spellcasting
  9395 | D:6      | Reached XP level 9. HP: 44/51 MP: 14/20
  9865 | D:7      | Noticed Prince Ribbit
  9868 | D:7      | Mangled by Prince Ribbit

Illustrated notes

Levels and vault maps discovered:
D:1:      eino_arrival_druids_welcome, layout_rooms
D:2:      layout_basic
D:3:      layout_loops_ring, gammafunk_temple_overflow_pools, uniq_jessica,
          uniq_natasha
D:4:      layout_basic, grunt_temple_overflow_growth_and_decay
D:5:      lemuel_castle_with_subvaults [lemuel_castle_interior_original],
          layout_layer_cave, mainiacjoe_overflow_paths, minivault_23,
          chequers_serial_rivers_small_3, minmay_pentangle,
          uniq_crazy_yiuf_cottage, uniq_duvessa
D:6:      minmay_chambers_of_sixes, layout_basic, uniq_sigmund
D:7:      layout_cave_pools, minmay_temple_entry_purple_smoke, minmay_between,
          uniq_pikel, uniq_prince_ribbit1, uniq_harold

Skill      XL: |  1  2  3  4  5  6  7  8 |
---------------+-------------------------+-----
Conjurations   | 5 6 7 8 9 10 | 10.0
Short Blades   | 1 2 |  2.0
Hexes          | 1 4 5 6 |  6.6
Fighting       | 1 3 |  3.5
Spellcasting   | 6 |  6.5
Dodging        | |  2.4
Stealth        | |  2.4

Action                   |  1- 3 |  4- 6 |  7- 9 || total
-------------------------+-------+-------+-------++-------
Melee: Unarmed           |     2 |       |       ||     2
       Short sword       |    70 |    52 |    84 ||   206
Throw: Dart              |       |       |     2 ||     2
 Cast: Magic Dart        |    22 |    17 |    11 ||    50
       Searing Ray       |     8 |    13 |    43 ||    64
       Fulminant Prism   |       |     4 |    23 ||    27
Evoke: Wand              |       |       |     2 ||     2
  Use: Scroll            |       |       |     3 ||     3
 Stab: Sleeping          |     5 |     6 |     2 ||    13
Armor: Robe              |    14 |    11 |    12 ||    37
Dodge: Dodged            |    50 |    37 |    76 ||   163

Table legend: (Time is in decaauts)
 A = Elapsed time spent in this place.
 B = Non-inter-level travel time spent in this place.
 C = Inter-level travel time spent in this place.
 D = Time resting spent in this place.
 E = Time spent auto-exploring this place.
 F = Levels seen in this place.
 G = Mean time per level.
                   A        B        C        D        E       F      G
               +--------+--------+--------+--------+--------+-----+--------+
         Total |   9892 |   9500 |    392 |   1358 |   6652 |   7 | 1413.1 |
       Dungeon |   9892 |   9500 |    392 |   1358 |   6652 |   7 | 1413.1 |
               +--------+--------+--------+--------+--------+-----+--------+

Top non-repeatable levels by time:
     D:5: 3284 daAuts
     D:4: 2073 daAuts
     D:1: 1191 daAuts
     D:3: 1172 daAuts
     D:2: 1158 daAuts
     D:6: 1001 daAuts
     D:7: 9 daAuts
